 Dungeon Crawl Stone Soup version 0.29.1-1-gd02db6906a (webtiles) character file.

Game seed: 268310294018979345

135 Earthwalker the Poker (level 5, 0/39 HPs)
             Began as a Merfolk Gladiator on Oct 9, 2022.
             Slain by an orc
             ... wielding a +2 flail of holy wrath
              (6 damage)
             ... on level 3 of the Dungeon.
             The game lasted 00:09:01 (2826 turns).

Earthwalker the Poker (Merfolk Gladiator)           Turns: 2826, Time: 00:09:01

Health: 0/39       AC: 13    Str: 17    XL:     5   Next: 18%
Magic:  5/5        EV: 10    Int:  7    God:
Gold:   174        SH:  0    Dex: 15    Spells: 4/4 levels left

rFire   . . .      SeeInvis .   z - +0 spear (vorpal)
rCold   . . .      Faith    .   (no shield)
rNeg    . . .      Spirit   .   n - +0 plate armour
rPois   .          Reflect  .   c - +0 helmet
rElec   .          Harm     .   q - +0 cloak
rCorr   .          Rampage  .   l - +0 pair of gloves
Will    .....                   (no boots)
Stlth   ..........              (no amulet)
HPRegen 0.13/turn               o - +4 ring of evasion
MPRegen 0.09/turn               (no ring)

@: no status effects
A: (nimble swimmer 2), mertail
a: no special abilities


You were on level 3 of the Dungeon.
You visited 1 branch of the dungeon, and saw 4 of its levels.

You collected 174 gold pieces.

Inventory:

Hand Weapons
 a - a +0 trident
 z - a +0 vorpal spear (weapon)
Missiles
 d - 3 throwing nets (quivered)
 e - a javelin
 u - 2 curare-tipped darts
Armour
 b - a +0 leather armour
 c - a +0 helmet (worn)
 l - a +0 pair of gloves (worn)
 m - a +0 chain mail
 n - a +0 plate armour (worn)
 q - a +0 cloak (worn)
Jewellery
 o - a +4 ring of evasion (left hand)
Scrolls
 j - a scroll of enchant weapon {unknown}
 p - a scroll of fog {unknown}
 s - a scroll of acquirement
 w - 2 scrolls of magic mapping
 x - a scroll of poison
 y - a scroll of teleportation
Potions
 f - a potion of haste
 g - 2 potions of degeneration {unknown}
 h - 2 potions of curing
 i - 2 potions of lignification {unknown}
 k - a potion of berserk rage {unknown}
 r - 3 potions of heal wounds {unknown}
 t - a potion of brilliance {unknown}
 v - a potion of mutation {unknown}
 A - a potion of invisibility {unknown}
 B - a potion of attraction {unknown}


   Skills:
 * Level 2.7 Fighting
 * Level 5.7 Polearms
 + Level 2.0 Throwing
 * Level 0.7 Armour
 * Level 4.9 Dodging
 * Level 1.2 Stealth
 * Level 1.3 Shields


You had 4 spell levels left.
You didn't know any spells.
Your spell library was empty.

Dungeon Overview and Level Annotations

Branches:
Dungeon (4/15)
 Temple: D:4-7

Altars:

Shops:
D:4 (


Innate Abilities, Weirdness & Mutations

((You are very nimble when in or above water. (Stealth+, EV+, Speed+++)))
Your lower body shifts to a powerful aquatic tail in water.


Message History

The ball python grabs you. The ball python constricts you.
You hit the ball python.
You kill the ball python!
You climb downwards.
The orc shouts!
The orc priest shouts!
The orc shouts!
The orc priest shouts!
The orc shouts! x2; You hear a shout! x2
The orc hits you with a +2 flail of holy wrath.
The orc priest invokes the aid of Beogh against you.
Beogh smites you!
The orc priest casts a cantrip, but nothing happens.
A goblin comes into view. It is wielding a +0 club.
The goblin shouts!
There is a stone staircase leading up here.
The orc hits you but does no damage.
The orc priest hits you with a +0 hand axe.
The orc priest mumbles some strange prayers to Beogh against you.
Beogh smites you!
* * * LOW HITPOINT WARNING * * *
The orc hits you but does no damage.
You climb upwards.
There is a stone staircase leading down here.
You hit the orc priest but do no damage.
The orc hits you but does no damage. The orc barely misses you.
The orc priest barely misses you.
You hit the orc priest.
The orc priest is moderately wounded.
The orc hits you but does no damage. x2; The orc priest closely misses you.
You hit the orc priest.
The orc priest is heavily wounded.
You hit the orc priest.
The orc priest is severely wounded.
The orc hits you with a +0 trident.
* * * LOW HITPOINT WARNING * * *
The orc barely misses you.
The orc priest hits you but does no damage.
You hit the orc priest.
You kill the orc priest!
The orc completely misses you.
The orc hits you with a +2 flail of holy wrath.
You die...

# #[.........##.......
#.##.##.####.##...#.##.
#.....†.# #........###
####.#### ####...###
#.# ##.## ##.## #.#
#...## #.# #..)o#####
#+# #...@o...#
##.#.###.# #.#.# #.#
#...# ### # #...# #
#...# # #...# #.#..#
#......


You could see 2 orcs.

Vanquished Creatures
  An orc priest (D:3)
  6 adders
  3 worms
  3 dart slugs
  4 orcs
  6 bats
  2 endoplasms (D:1)
  3 giant cockroaches
  5 goblins
  6 hobgoblins
  3 quokkas
  11 ball pythons
  A frilled lizard (D:1)
  3 kobolds
  7 rats
64 creatures vanquished.

Vanquished Creatures (others)
  A plant (D:4)
1 creature vanquished.

Grand Total: 65 creatures vanquished

Notes
Turn   | Place    | Note
-------+----------+-------------------------------------------
     0 | D:1      | Earthwalker the Merfolk Gladiator began the quest for the
                  | Orb.
     0 | D:1      | Reached XP level 1. HP: 16/16 MP: 1/1
   285 | D:1      | Reached XP level 2. HP: 14/22 MP: 2/2
   421 | D:1      | Found a faded altar of an unknown god.
   899 | D:2      | Reached XP level 3. HP: 28/28 MP: 3/3
   975 | D:2      | Reached skill level 1 in Shields
  1025 | D:2      | Reached skill level 1 in Stealth
  1119 | D:2      | Reached skill level 5 in Polearms
  1207 | D:2      | Reached XP level 4. HP: 34/34 MP: 4/4
  1861 | D:2      | Identified 2 scrolls of acquirement
  1861 | D:2      | Acquired the ring of Yredelemnul's Respect {rElec rC++
                  | Str+6 Dex+3}
  2079 | D:3      | Reached XP level 5. HP: 39/39 MP: 5/5
  2240 | D:4      | Found Beteevov's Antique Weapon Shoppe.
  2826 | D:3      | Slain by an orc

Illustrated notes

Levels and vault maps discovered:
D:1:      lightli_arrival_maybe_door_vault, layout_basic,
          ebering_ecumenical_altar_webs, minmay_tromino_i4
D:2:      layout_loops_ring, corexii_item_surrounded_by_moat, minivault_26,
          kennysheep_decorative_pillar, minmay_snake_closets
D:3:      layout_loops_corners, minmay_fractal_squares_5,
          uniq_crazy_yiuf_cottage
D:4:      corexii_shantytown, layout_cave_pools, serial_shops,
          nicolae_shop_statue_plus

Skill      XL: |  1  2  3 |
---------------+----------+-----
Shields        | 1 |  1.3
Stealth        | 1 |  1.2
Polearms       | 5 |  5.7
Fighting       | |  2.7
Throwing       | |  2.0
Armour         | |  0.7
Dodging        | |  4.9

Action                   |  1- 3 |  4- 6 || total
-------------------------+-------+-------++-------
Melee: Trident           |    87 |    36 ||   123
       Punch             |     2 |     3 ||     5
       Spear             |       |   100 ||   100
  Use: Scroll            |       |    12 ||    12
Armor: Leather armour    |     4 |       ||     4
       Plate armour      |    51 |    67 ||   118
Dodge: Dodged            |    55 |    61 ||   116
